 Dungeon Crawl Stone Soup version 0.29-a0-721-g7f417c9bbb (webtiles) character file.

Game seed: 1834924549618218852

1241 gobodom the Digger (level 8, -16/43 HPs)
             Began as a Gargoyle Earth Elementalist on June 27, 2022.
             Was a Follower of Vehumet.
             Demolished by an orc warrior
             ... wielding a +0 flail
              (19 damage)
             ... on level 7 of the Dungeon.
             The game lasted 00:22:41 (7048 turns).

gobodom the Digger (Gargoyle Earth Elementalist)    Turns: 7048, Time: 00:22:42

Health: -16/43     AC:  8    Str: 12    XL:     8   Next: 49%
Magic:  24/26      EV: 12    Int: 18    God:    Vehumet [*.....]
Gold:   509        SH:  0    Dex: 10    Spells: 14/19 levels left

rFire   . . .      SeeInvis .   g - +2 short sword (elec)
rCold   . . .      Faith    .   (no shield)
rNeg    + + .      Spirit   .   a - +1 robe
rPois   ∞          Reflect  .   (no helmet)
rElec   +          Harm     .   (no cloak)
rCorr   .          Rampage  .   (no gloves)
Will    .....                   (no boots)
Stlth   ++........              (no amulet)
HPRegen 0.14/turn               m - ring of magical power
MPRegen 0.20/turn               A - ring of positive energy

@: about to teleport
A: sickness immunity, AC +5, negative energy resistance 1, electricity
resistance, torment resistance 1, petrification resistance
a: Renounce Religion


You were on level 7 of the Dungeon.
You worshipped Vehumet.
Vehumet was aware of your devotion.
You visited 2 branches of the dungeon, and saw 8 of its levels.

You collected 509 gold pieces.

Inventory:

Hand Weapons
 g - a +2 short sword of electrocution (weapon)
 q - a +0 dagger of draining
 D - a +0 hand axe of venom
 E - a +1 vorpal mace
 F - a +1 vorpal war axe
 M - a +2 vorpal flail
Missiles
 d - 2 throwing nets
 r - 13 poisoned darts
 t - 2 silver boomerangs
Armour
 a - a +1 robe (worn)
Jewellery
 m - a ring of magical power (left hand)
 A - a ring of positive energy (right hand)
 J - an amulet of faith
Wands
 s - a wand of digging (4)
 v - a wand of paralysis (12)
 I - a wand of mindburst (22)
Scrolls
 c - a scroll of enchant armour
 f - 2 scrolls of silence
 h - 3 scrolls of noise
 j - a scroll of poison
 k - a scroll of torment
 l - a scroll of teleportation
 n - a scroll of summoning {unknown}
 o - a scroll of fog
 x - 3 scrolls of magic mapping {unknown}
 y - a scroll of immolation {unknown}
 B - a scroll of vulnerability {unknown}
 C - a scroll of enchant weapon {unknown}
 H - a scroll of brand weapon {unknown}
 L - 2 scrolls of blinking {unknown}
 O - a scroll of amnesia {unknown}
Potions
 b - 2 potions of magic
 e - a potion of might
 i - a potion of mutation
 p - a potion of invisibility {unknown}
 u - 3 potions of attraction
 w - 2 potions of heal wounds {unknown}
 z - 3 potions of lignification
 K - a potion of haste {unknown}


   Skills:
 + Level 1.3 Fighting
 + Level 0.7 Short Blades
 + Level 2.0 Dodging
 + Level 3.4 Stealth
 + Level 6.3 Spellcasting
 + Level 3.5 Conjurations
 + Level 0.7 Transmutations
 + Level 0.3 Fire Magic
 + Level 7.4 Earth Magic


You had 14 spell levels left.
You knew the following spells:

 Your Spells              Type           Power      Damage    Failure   Level
a - Sandblast             Erth           64%        2d14      1%          1
b - Stone Arrow           Conj/Erth      50%        3d10      3%          3
c - Foxfire               Conj/Fire      48%        2x1d6     5%          1

Your spell library contained the following spells:

 Spells                   Type           Power      Damage    Failure   Level
 Passwall                 Tmut/Erth      16%        N/A       3%          2
 Static Discharge         Conj/Air       12%        N/A       9%          2
 Summon Small Mammal      Summ           20%        N/A       12%         1
 Mephitic Cloud           Conj/Pois/Air  10%        N/A       22%         3
 Petrify                  Tmut/Erth      20%        N/A       22%         4
 Ignite Poison            Fire/Tmut/Pois 7%         N/A       30%         3
 Call Canine Familiar     Summ           5%         N/A       34%         3
 Ozocubu's Armour         Ice            5%         N/A       34%         3
 Summon Guardian Golem    Hex/Summ       5%         N/A       34%         3
 Olgreb's Toxic Radiance  Pois           5%         N/A       75%         4
 Irradiate                Conj/Tmut      6%         3d15      80%         5
 Lightning Bolt           Conj/Air       6%         1d18      83%         5
 Freezing Cloud           Conj/Ice/Air   5%         6-21      89%         5
 Blade Hands              Tmut           4%         N/A       94%         5
 Metabolic Englaciation   Hex/Ice        2%         N/A       97%         5
 Simulacrum               Ice/Necr       2%         N/A       100%        6
 Dragon Form              Tmut           4%         N/A       100%        7
 Ozocubu's Refrigeration  Ice            2%         4d5       100%        7
 Ignition                 Fire           3%         3d4       100%        8
 Maxwell's Capacitive Co  Air            2%         ∞         100%        8


Dungeon Overview and Level Annotations

Branches:
Dungeon (7/15)             Temple (1/1) D:4

Altars:
Ashenzari
Dithmenos
Fedhas
Gozag
Hepliaklqana
Kikubaaqudgha
Makhleb
Okawaru
Qazlal
Ru
Sif Muna
Trog
Vehumet
Wu Jian
Yredelemnul
The Shining One

Shops:
D:6 (


Innate Abilities, Weirdness & Mutations

You are immune to sickness and miasma.
Your stone body is resilient. (AC +5)
You are immune to poison.
You resist negative energy. (rN+)
You are resistant to electric shocks. (rElec)
You are resistant to unholy torment.
You are immune to petrification.


Message History

Done exploring.
Done exploring.
Done exploring.
There is a stone staircase leading down here.
You climb downwards.
You hear the roar of battle.
There is an entrance to a bailey on this level.
Hurry and find it before the portal closes forever!
Found a stone staircase leading down and a stone staircase leading up.
There is a stone staircase leading up here.
Okay, then.
You open the door.
There is an open door here.
An orc wizard comes into view. It is wielding a +0 dagger.
The blast of sand hits the orc wizard!
The orc wizard is almost dead.
The orc wizard shouts!
You hear a shout!
An orc comes into view. It is wielding a +0 whip.
An orc warrior comes into view. It is wielding a +0 flail.
The blast of sand misses the orc warrior.
The blast of sand hits the orc.
The orc is heavily wounded.
The orc warrior shouts!
The orc wizard casts a spell.
The orc wizard flickers and vanishes!
Deactivating autopickup; reactivate with Ctrl-A.
The blast of sand hits the orc warrior.
The orc warrior is moderately wounded.
The orc warrior hits you with a +0 flail!
Something hits you.
The orc warrior hits you with a +0 flail!!
* * * LOW HITPOINT WARNING * * *
You are too injured to fight recklessly!
You feel better.
The orc warrior hits you with a +0 flail!
* * * LOW HITPOINT WARNING * * *
Something hits you but does no damage.
As you read the scroll of teleportation, it crumbles to dust.
You feel strangely unstable.
The orc warrior hits you with a +0 flail!!
You die...

###############
####.#.........@o#
........########.#
####.....# o#
##....## ..
#.....# .##
#.#...# .. #....##
## ####'## ##...##


You could see an orc warrior and an orc.

Vanquished Creatures
  Grinder (D:4)
  Menkaure (D:5)
  An ice beast (D:6)
  An ogre (D:5)
  A scorpion (D:6)
  3 hounds
  2 jellies (D:5)
  3 gnoll shamans
  An iguana (D:5)
  Ijyb (D:5)
  2 orc wizards
  21 gnolls
  6 adders
  A worm (D:3)
  3 dart slugs
  13 orcs
  10 ball pythons
  8 bats
  6 endoplasms
  2 giant cockroaches
  3 goblins
  13 hobgoblins
  4 kobolds
  4 quokkas
  4 frilled lizards
  5 rats
120 creatures vanquished.

Vanquished Creatures (others)
  24 foxfires (D:6)
  15 plants (D:2)
39 creatures vanquished.

Grand Total: 159 creatures vanquished

Notes
Turn   | Place    | Note
-------+----------+-------------------------------------------
     0 | D:1      | gobodom the Gargoyle Earth Elementalist began the quest for
                  | the Orb.
     0 | D:1      | Reached XP level 1. HP: 10/10 MP: 3/3
   154 | D:1      | Reached XP level 2. HP: 15/15 MP: 0/5
   236 | D:1      | Reached skill level 4 in Earth Magic
   587 | D:1      | Reached XP level 3. HP: 19/19 MP: 4/6
   763 | D:1      | Found a faded altar of an unknown god.
  1264 | D:2      | Reached XP level 4. HP: 24/24 MP: 8/8
  1881 | D:3      | Found a basalt altar of Yredelemnul.
  2029 | D:3      | Reached skill level 5 in Earth Magic
  2158 | D:3      | Reached XP level 5. HP: 28/28 MP: 9/9
  3304 | D:4      | Found a burning altar of Makhleb.
  3328 | D:4      | Reached XP level 6. HP: 32/32 MP: 12/12
  3427 | D:4      | Noticed Grinder
  3433 | D:4      | Learned a level 3 spell: Stone Arrow
  3438 | D:4      | Paralysed by Grinder for 5 turns
  3452 | D:4      | Killed Grinder
  3453 | D:4      | Reached skill level 1 in Conjurations
  3453 | D:4      | Reached skill level 6 in Earth Magic
  3978 | D:4      | Found a staircase to the Ecumenical Temple.
  3987 | Temple   | Entered the Ecumenical Temple
  4214 | Temple   | Became a worshipper of Vehumet
  4450 | D:5      | Entered Level 5 of the Dungeon
  4451 | D:5      | Found a hazy altar of Hepliaklqana.
  4568 | D:5      | Reached XP level 7. HP: 37/37 MP: 14/14
  4603 | D:5      | Reached skill level 5 in Spellcasting
  5125 | D:5      | Noticed Menkaure
  5130 | D:5      | Killed Menkaure
  5207 | D:5      | Noticed Ijyb
  5215 | D:5      | Killed Ijyb
  5349 | D:5      | Reached skill level 1 in Fighting
  5402 | D:5      | Reached XP level 8. HP: 43/43 MP: 16/16
  5995 | D:6      | Found Virel's Weapon Shop.
  6050 | D:6      | Reached skill level 7 in Earth Magic
  6050 | D:6      | Reached * piety under Vehumet
  6050 | D:6      | Offered knowledge of Foxfire by Vehumet.
  6053 | D:6      | Learned a level 1 spell: Foxfire
  7048 | D:7      | Demolished by an orc warrior

Illustrated notes

Levels and vault maps discovered:
D:1:      saegor_arrival_simple_a, layout_rooms, basic_ecumenical_altar,
          minmay_pentomino_w2
D:2:      layout_loops_ring, serial_bayou_lagoon_a, minmay_misc_feat_cross
D:3:      minmay_thinvault, layout_loops_ring, nicolae_overflow_crystal_walls
D:4:      layout_cave_pods, mainiacjoe_overflow_cross_hatched,
          minmay_temple_entry_metal_lava, kennysheep_generic_room_11,
          uniq_grinder
D:5:      layout_basic, old_standard_altar, uniq_ijyb, uniq_menkaure
D:6:      layout_loops_ring, serial_shops, nicolae_shop_bloodbath_and_beyond
D:7:      lemuel_castle_with_subvaults [lemuel_castle_interior_carwin_1],
          layout_loops_corners, nicolae_elyvilon_peaceful_grove, enter_bailey_4,
          lemuel_flame_loot_1
Temple:   nicolae_temple_figure_eight

Skill      XL: |  1  2  3  4  5  6  7  8 |
---------------+-------------------------+-----
Earth Magic    | 4 5 6 7 |  7.4
Spellcasting   | 3 4 5 6 |  6.3
Stealth        | 3 |  3.4
Conjurations   | 1 2 3 |  3.5
Dodging        | 2 |  2.0
Fighting       | 1 |  1.3
Short Blades   | |  0.7
Transmutations | |  0.7
Fire Magic     | |  0.3

Action                   |  1- 3 |  4- 6 |  7- 9 || total
-------------------------+-------+-------+-------++-------
Melee: Unarmed           |     2 |       |       ||     2
       Short sword       |       |     7 |    14 ||    21
 Cast: Sandblast         |    56 |    90 |    65 ||   211
       Foxfire           |       |       |    18 ||    18
       Stone Arrow       |       |       |    12 ||    12
Evoke: Wand              |       |     1 |       ||     1
  Use: Scroll            |       |     3 |     8 ||    11
       Potion            |       |       |     2 ||     2
 Stab: Paralysed         |       |     3 |       ||     3
Armor: Robe              |     5 |    13 |    26 ||    44
Dodge: Dodged            |    20 |    43 |    44 ||   107

Table legend: (Time is in decaauts)
 A = Elapsed time spent in this place.
 B = Non-inter-level travel time spent in this place.
 C = Inter-level travel time spent in this place.
 D = Time resting spent in this place.
 E = Time spent auto-exploring this place.
 F = Levels seen in this place.
 G = Mean time per level.
                   A        B        C        D        E       F      G
               +--------+--------+--------+--------+--------+-----+--------+
         Total |   7275 |   7257 |     18 |   1038 |   4691 |   8 |  909.4 |
       Dungeon |   7026 |   7026 |      0 |   1038 |   4490 |   7 | 1003.7 |
        Temple |    249 |    231 |     18 |      0 |    201 |   1 |  249.0 |
               +--------+--------+--------+--------+--------+-----+--------+

Top non-repeatable levels by time:
     D:4: 1387 daAuts
     D:6: 1261 daAuts
     D:3: 1214 daAuts
     D:5: 1194 daAuts
     D:1: 1041 daAuts
     D:2: 898 daAuts
  Temple: 249 daAuts
     D:7: 27 daAuts
